 Dungeon Crawl Stone Soup version 0.30-a0-304-gdc4b735fe1 (webtiles) character file.

Game seed: 4046643361227872637

185 sleeves the Shooter (level 5, 0/44 HPs)
             Began as a Naga Hexslinger on Oct 21, 2022.
             Slain by a water moccasin (5 damage)
             ... on level 3 of the Dungeon.
             The game lasted 00:04:10 (2379 turns).

sleeves the Shooter (Naga Hexslinger)               Turns: 2379, Time: 00:04:11

Health: 0/44       AC:  2    Str: 12    XL:     5   Next: 64%
Magic:  2/6        EV: 10    Int: 13    God:
Gold:   183        SH:  0    Dex: 14    Spells: 5/6 levels left

rFire   . . .      SeeInvis +    a - +1 sling
rCold   . . .      Faith    .    (no shield)
rNeg    . . .      Spirit   .    c - +0 robe
rPois   +          Reflect  .    (no helmet)
rElec   .          Harm     .    (no cloak)
rCorr   .          Rampage  .    (no gloves)
Will    .....                    (no barding)
Stlth   +.........               (no amulet)
HPRegen 0.27/turn                (no ring)
MPRegen 0.10/turn                (no ring)

@: about to teleport, attractive, flying, very slow
A: AC +1, large, see invisible, deformed body, poison resistance, slowness 2,
spit poison 1, naga tail 1
a: Spit Poison


You were on level 3 of the Dungeon.
You visited 1 branch of the dungeon, and saw 3 of its levels.

You collected 183 gold pieces.

Inventory:

Hand Weapons
 a - a +1 sling (weapon)
Armour
 c - a +0 robe (worn)
Scrolls
 b - 2 scrolls of poison
 g - a scroll of noise
 h - a scroll of immolation {unknown}
 i - a scroll of enchant armour {unknown}
 k - 2 scrolls of enchant weapon {unknown}
 l - 2 scrolls of amnesia
 p - a scroll of magic mapping {unknown}
Potions
 m - 2 potions of heal wounds {unknown}


   Skills:
 - Level 1.0 Fighting
 + Level 5.2 Ranged Weapons
 - Level 1.5 Dodging
 - Level 1.0 Spellcasting
 - Level 3.0 Hexes


You had 5 spell levels left.
You knew the following spells:

 Your Spells              Type           Power      Damage    Failure   Level
a - Slow                  Hex            32%        N/A       9%          1

Your spell library contained the following spells:

 Spells                   Type           Power      Damage    Failure   Level
 Ensorcelled Hibernation  Hex/Ice        8%         N/A       22%         2
 Freeze                   Ice            0%         1d3       28%         1
 Passwall                 Tmut/Erth      0%         N/A       38%         2
 Inner Flame              Hex/Fire       4%         N/A       41%         3
 Portal Projectile        Hex/Tloc       8%         N/A       41%         3
 Frozen Ramparts          Ice            0%         1d1       63%         3
 Hailstorm                Conj/Ice       0%         3d3       63%         3
 Swiftness                Air            0%         N/A       63%         3
 Cause Fear               Hex            4%         N/A       63%         4


Dungeon Overview and Level Annotations

Branches:
Dungeon (3/15)

Altars:
Cheibriados


Innate Abilities, Weirdness & Mutations

Your serpentine skin is tough. (AC +1)
You have supernaturally acute eyesight. (SInv)
Armour fits poorly on your strangely shaped body.
Your system is resistant to poisons. (rPois)
You cover ground very slowly.
You can spit poison.
You have a snake-like lower body.


Message History

You shoot a sling bullet. The sling bullet misses the adder.
Fire: a) +1 sling
Press: ? - help, Q - select action, (/) - cycle Shift-Dir - straight line, f/p - adder
Aim: an adder (35% to hit)
You shoot a sling bullet. The sling bullet hits the adder.
The adder is heavily wounded.
A quokka comes into view.
Casting: Slow (safe; 9% risk of failure)
Confirm with . or Enter, or press ? or * to list all spells.
Aiming: Slow (safe; 9% risk of failure)
Press: ? - help, Shift-Dir - straight line, f/p - adder
Aim: an adder (heavily wounded, chance to affect: 50%)
You miscast Slow.
You are very lightly contaminated with residual magic.
Nothing appears to happen.
The ball python closely misses you. The adder bites you.
Fire: a) +1 sling
Press: ? - help, Q - select action, (/) - cycle Shift-Dir - straight line, f/p - adder
Aim: an adder (heavily wounded, 35% to hit)
You shoot a sling bullet. The sling bullet hits the adder.
The adder is heavily wounded.
The ball python bites you. The adder closely misses you.
The ball python bites you but does no damage.
The adder bites you but does no damage.
The ball python attacks as you move away!
The ball python bites you but does no damage.
The adder bites you but does no damage. The ball python closely misses you.
The ball python attacks as you move away!
The ball python bites you. The adder attacks as you move away!
The adder barely misses you. The adder closely misses you.
You shoot a sling bullet.
The sling bullet closely misses the adder.
The sling bullet hits the ball python.
You kill the ball python!
The adder misses you.
You shoot a sling bullet.
The sling bullet barely misses the adder.
The adder bites you. The adder closely misses you.
Your magical contamination has completely faded away.
You shoot a sling bullet.
The sling bullet barely misses the adder.
The sling bullet barely misses the quokka.
The adder closely misses you.
You shoot a sling bullet. The sling bullet misses the adder.
The sling bullet misses the quokka.
The adder barely misses you. The adder bites you but does no damage.
You shoot a sling bullet.
The sling bullet barely misses the adder.
The sling bullet hits the quokka.
The quokka is severely wounded.
The adder bites you.
You shoot a sling bullet. The sling bullet hits the adder.
You kill the adder!
You shoot a sling bullet.
The sling bullet completely misses the quokka.
The quokka barely misses you. x2
You shoot a sling bullet.
The sling bullet completely misses the quokka.
The quokka bites you.
You shoot a sling bullet.
The sling bullet closely misses the quokka.
The quokka misses you.
You shoot a sling bullet. The sling bullet hits the quokka.
You kill the quokka!
Things that are here:
a quokka corpse; an adder corpse Magic restored.
Found a sling.
b - 4 scrolls of poison (gained 1) Key pressed, stopping explore.
A rat comes into view.
You shoot a sling bullet. The sling bullet hits the rat.
You kill the rat!
No target in view!
k - a scroll labelled IPEF HU RECLO An orc comes into view.
It is wielding a +0 flail.
An orc is nearby!
You shoot a sling bullet. The sling bullet barely misses the orc.
You shoot a sling bullet. The sling bullet hits the orc.
The orc is moderately wounded.
You shoot a sling bullet. The sling bullet hits the orc!
You kill the orc!
No target in view!
No target in view!
An orc comes into view. It is wielding a +0 flail.
An orc is nearby!
An orc is nearby!
You shoot a sling bullet. The orc shouts!
The sling bullet hits the orc.
The orc is heavily wounded.
An orc comes into view. It is wielding a +0 club.
You shoot a sling bullet.
The sling bullet hits the orc but does no damage.
The orc is heavily wounded.
You shoot a sling bullet. The sling bullet hits the orc.
You kill the orc!
You shoot a sling bullet. The sling bullet hits the orc.
The orc is severely wounded.
You shoot a sling bullet. The sling bullet hits the orc.
You kill the orc!
No target in view!
No target in view!
l - 3 scrolls labelled YTIEDE EW ZIT
Things that are here:
a +0 flail; an orc corpse You see here a +0 sling.
You now have 85 gold pieces (gained 12).
A hobgoblin comes into view.
A hobgoblin is nearby!
You shoot a sling bullet. The sling bullet hits the hobgoblin.
The hobgoblin shouts!
The hobgoblin is almost dead.
You hear an angry hiss.
A ball python comes into view.
You shoot a sling bullet.
The sling bullet closely misses the hobgoblin.
No target in view!
No target in view!
You shoot a sling bullet. The sling bullet hits the hobgoblin.
You kill the hobgoblin!
You shoot a sling bullet. The sling bullet hits the ball python.
The ball python is severely wounded.
The ball python bites you but does no damage.
You shoot a sling bullet. The sling bullet hits the ball python.
You kill the ball python!
No target in view!
No target in view!
Things that are here:
a ball python corpse; a hobgoblin corpse
Found a stone staircase leading up.
A hobgoblin comes into view.
The hobgoblin shouts!
A hobgoblin is nearby!
You shoot a sling bullet. The sling bullet hits the hobgoblin!
You kill the hobgoblin!
No target in view!
You see here a hobgoblin corpse.
There is a stone staircase leading up here.
A quokka comes into view.
A quokka is nearby!
A quokka is nearby!
You shoot a sling bullet.
The sling bullet closely misses the quokka.
You shoot a sling bullet.
The sling bullet closely misses the quokka.
You shoot a sling bullet. The sling bullet hits the quokka!
You kill the quokka!
No target in view!
No target in view!
You now have 89 gold pieces (gained 4).
A hobgoblin comes into view.
A hobgoblin is nearby!
A hobgoblin is nearby!
You shoot a sling bullet. The sling bullet hits the hobgoblin.
The hobgoblin shouts!
The hobgoblin is heavily wounded.
You shoot a sling bullet. The sling bullet hits the hobgoblin.
The hobgoblin is severely wounded.
You shoot a sling bullet. The sling bullet hits the hobgoblin.
You kill the hobgoblin!
No target in view!
You see here a hobgoblin corpse.
m - a black potion
Found a stone staircase leading down.
There is a stone staircase leading down here.
An endoplasm comes into view.
Found a fuming ruby potion.
You shoot a sling bullet. The sling bullet hits the endoplasm.
You kill the endoplasm!
You have reached level 4!
You feel agile.
You see here a staff of conjuration.
d - 3 fuming ruby potions (gained 1)
A hobgoblin comes into view. It is wielding a +0 flail.
A hobgoblin is nearby!
A hobgoblin is nearby!
You shoot a sling bullet.
The sling bullet closely misses the hobgoblin.
The hobgoblin shouts!
You shoot a sling bullet. The sling bullet hits the hobgoblin!
You kill the hobgoblin!
No target in view!
Found a whip.
Found a stone staircase leading up.
n - a silvery potion You now have 97 gold pieces (gained 8).
Things that are here:
a +0 flail; a hobgoblin corpse
Found a stone staircase leading down.
A bat comes into view.
You shoot a sling bullet. The sling bullet hits the bat.
The bat is moderately wounded.
The bat hits you but does no damage.
You shoot a sling bullet.
The sling bullet closely misses the bat.
The bat hits you but does no damage.
You shoot a sling bullet.
The sling bullet closely misses the bat.
The bat hits you but does no damage.
You shoot a sling bullet.
The sling bullet closely misses the bat.
The bat barely misses you. The bat closely misses you.
You shoot a sling bullet. The sling bullet hits the bat.
You kill the bat!
No target in view!
No target in view!
There is a stone staircase leading down here.
There is a stone staircase leading down here.
An endoplasm comes into view.
An endoplasm is nearby!
An endoplasm is nearby!
No reachable target in view!
No reachable target in view!
The endoplasm quivers.
A gnoll comes into view. It is wielding a +0 whip.
The gnoll shouts!
The gnoll throws a throwing net.
The throwing net hits you.
You become entangled in the net!
You see here a throwing net.
You struggle against the net.
You struggle against the net.
Casting: Slow (safe; 9% risk of failure)
Confirm with . or Enter, or press ? or * to list all spells.
Aiming: Slow (safe; 9% risk of failure)
Press: ? - help, Shift-Dir - straight line, f - gnoll
Aim: a gnoll, wielding a +0 whip (chance to affect: 50%)
The gnoll resists with some effort.
Casting: Slow (safe; 9% risk of failure)
Confirm with . or Enter, or press ? or * to list all spells.
Aiming: Slow (safe; 9% risk of failure)
Press: ? - help, Shift-Dir - straight line, f/p - gnoll
Aim: a gnoll, wielding a +0 whip (chance to affect: 50%)
The gnoll resists with some effort.
Casting: Slow (safe; 9% risk of failure)
Confirm with . or Enter, or press ? or * to list all spells.
Aiming: Slow (safe; 9% risk of failure)
Press: ? - help, Shift-Dir - straight line, f/p - gnoll
Aim: a gnoll, wielding a +0 whip (chance to affect: 50%)
The gnoll seems to slow down.
You shred the net and break free!
Casting: Slow (safe; 9% risk of failure)
Confirm with . or Enter, or press ? or * to list all spells.
Aiming: Slow (safe; 9% risk of failure)
Press: ? - help, Shift-Dir - straight line, f/p - gnoll
Aim: a gnoll, wielding a +0 whip (chance to affect: 50%)
The gnoll resists with some effort.
Casting: Slow (safe; 9% risk of failure)
Confirm with . or Enter, or press ? or * to list all spells.
Aiming: Slow (safe; 9% risk of failure)
Press: ? - help, Shift-Dir - straight line, f/p - gnoll
Aim: a gnoll, wielding a +0 whip (chance to affect: 50%)
The gnoll resists with some effort.
The gnoll hits you with a +0 whip.
Casting: Slow (safe; 9% risk of failure)
Confirm with . or Enter, or press ? or * to list all spells.
Aiming: Slow (safe; 9% risk of failure)
Press: ? - help, Shift-Dir - straight line, f/p - gnoll
Aim: a gnoll, wielding a +0 whip (chance to affect: 50%)
You miscast Slow.
You are very lightly contaminated with residual magic.
Nothing appears to happen.
* * * LOW MAGIC WARNING * * *
The gnoll hits you with a +0 whip.
Aiming: Spit Poison (1% risk of failure)
Press: ? - help, Shift-Dir - straight line, f/p - gnoll
Aim: a gnoll, wielding a +0 whip (65% to hit)
The splash of poison hits the gnoll.
The gnoll is lightly wounded.
The gnoll hits you with a +0 whip.
Fire: a) +1 sling
Press: ? - help, Q - select action, (/) - cycle Shift-Dir - straight line, f/p - gnoll
Aim: a gnoll, wielding a +0 whip (lightly wounded, 61% to hit)
You shoot a sling bullet. The sling bullet hits the gnoll.
The gnoll is heavily wounded.
The gnoll closely misses you.
Fire: a) +1 sling
Press: ? - help, Q - select action, (/) - cycle Shift-Dir - straight line, f/p - gnoll
Aim: a gnoll, wielding a +0 whip (heavily wounded, 61% to hit)
You shoot a sling bullet. The sling bullet hits the gnoll.
The gnoll is severely wounded.
The gnoll hits you with a +0 whip. x2
Fire: a) +1 sling
Press: ? - help, Q - select action, (/) - cycle Shift-Dir - straight line, f/p - gnoll
Aim: a gnoll, wielding a +0 whip (severely wounded, 61% to hit)
You shoot a sling bullet.
The sling bullet barely misses the gnoll.
The gnoll barely misses you.
Fire: a) +1 sling
Press: ? - help, Q - select action, (/) - cycle Shift-Dir - straight line, f/p - gnoll
Aim: a gnoll, wielding a +0 whip (severely wounded, 61% to hit)
You shoot a sling bullet. The sling bullet hits the gnoll.
The gnoll is severely wounded.
The gnoll hits you with a +0 whip.
* * * LOW HITPOINT WARNING * * *
Fire: a) +1 sling
Press: ? - help, Q - select action, (/) - cycle Shift-Dir - straight line, f/p - gnoll
Aim: a gnoll, wielding a +0 whip (severely wounded, 61% to hit)
You shoot a sling bullet.
The sling bullet hits the gnoll but does no damage.
The gnoll is severely wounded.
You have got your breath back.
The gnoll misses you.
Your magical contamination has completely faded away.
Aiming: Spit Poison (1% risk of failure)
Press: ? - help, Shift-Dir - straight line, f/p - gnoll
Aim: a gnoll, wielding a +0 whip (severely wounded, 65% to hit)
The splash of poison misses the gnoll.
The gnoll hits you with a +0 whip.
* * * LOW HITPOINT WARNING * * *
Fire: a) +1 sling
Press: ? - help, Q - select action, (/) - cycle Shift-Dir - straight line, f/p - gnoll
Aim: a gnoll, wielding a +0 whip (severely wounded, 61% to hit)
You shoot a sling bullet. The sling bullet hits the gnoll.
The gnoll is almost dead.
The gnoll hits you with a +0 whip.
* * * LOW HITPOINT WARNING * * *
Fire: a) +1 sling
Press: ? - help, Q - select action, (/) - cycle Shift-Dir - straight line, f/p - gnoll
Aim: a gnoll, wielding a +0 whip (almost dead, 61% to hit)
You shoot a sling bullet. The sling bullet hits the gnoll.
You kill the gnoll!
Your Ranged Weapons skill increases to level 4!
You have got your breath back.
Things that are here:
a +0 whip; a gnoll corpse
Found a rapier.
No reachable target in view!
Found 6 poisoned darts and a sapphire potion.
A kobold and an adder come into view.
Fire: a) +1 sling
Press: ? - help, Q - select action, (/) - cycle Shift-Dir - straight line, f - adder
Aim: an adder (asleep, 98% to hit)
You shoot a sling bullet. The sling bullet hits the adder.
The adder hisses angrily.
The adder is moderately wounded.
The kobold shouts!
Fire: a) +1 sling
Press: ? - help, Q - select action, (/) - cycle Shift-Dir - straight line, f/p - adder
Aim: an adder (moderately wounded, 40% to hit)
You shoot a sling bullet. The sling bullet hits the adder!
You kill the adder!
A hobgoblin comes into view.
Fire: a) +1 sling
Press: ? - help, Q - select action, (/) - cycle Shift-Dir - straight line, f - kobold
Aim: a kobold, wielding a +0 whip (51% to hit)
You shoot a sling bullet. The sling bullet hits the kobold.
The kobold is severely wounded.
Fire: a) +1 sling
Press: ? - help, Q - select action, (/) - cycle Shift-Dir - straight line, f/p - kobold
Aim: a kobold, wielding a +0 whip (severely wounded, 51% to hit)
You shoot a sling bullet.
The sling bullet barely misses the kobold.
The kobold hits you but does no damage.
Fire: a) +1 sling
Press: ? - help, Q - select action, (/) - cycle Shift-Dir - straight line, f/p - kobold
Aim: a kobold, wielding a +0 whip (severely wounded, 51% to hit)
You shoot a sling bullet.
The sling bullet closely misses the kobold.
The kobold hits you with a +0 whip.
Fire: a) +1 sling
Press: ? - help, Q - select action, (/) - cycle Shift-Dir - straight line, f/p - kobold
Aim: a kobold, wielding a +0 whip (severely wounded, 51% to hit)
You shoot a sling bullet. The sling bullet hits the kobold.
You kill the kobold!
Fire: a) +1 sling
Press: ? - help, Q - select action, (/) - cycle Shift-Dir - straight line, f - you Really target yourself?
Okay, then.
Things that are here:
a +0 whip; a kobold corpse The hobgoblin hits you.
You shoot a sling bullet.
The sling bullet closely misses the hobgoblin.
The hobgoblin barely misses you.
You shoot a sling bullet.
The sling bullet closely misses the hobgoblin.
The hobgoblin hits you.
You shoot a sling bullet.
The sling bullet closely misses the hobgoblin.
The hobgoblin barely misses you.
You shoot a sling bullet. The sling bullet hits the hobgoblin.
You kill the hobgoblin!
No target in view!
No target in view!
No target in view!
No target in view!
No target in view!
No target in view!
No target in view!
No target in view!
No target in view!
No target in view!
You see here an adder corpse.
o - a sapphire potion You see here an adder corpse.
The endoplasm quivers.
Things that are here:
a +0 whip; a kobold corpse
m - 2 black potions (gained 1)
The endoplasm quivers.
An endoplasm is nearby!
No reachable target in view!
Unknown command.
Things that are here:
a +0 whip; a kobold corpse
Things that are here:
a +0 whip; a kobold corpse No target in view!
You shoot a sling bullet. The sling bullet hits the endoplasm.
The endoplasm is almost dead.
The endoplasm freezes you.
You are frozen.
You shoot a sling bullet.
The sling bullet completely misses the endoplasm.
The endoplasm hits you.
You shoot a sling bullet. The sling bullet hits the endoplasm.
You kill the endoplasm!
No target in view!
No target in view!
p - a scroll labelled FAXYN ONECROMOI
There is an open door here.
As you open the door, it creaks loudly!
There is an open door here.
You now have 111 gold pieces (gained 14).
There is an open door here.
There is a stone staircase leading up here.
You see here a +0 whip.
You open the door.
Found a hand axe.
An endoplasm comes into view.
You shoot a sling bullet. The sling bullet hits the endoplasm.
The endoplasm quivers.
The endoplasm is almost dead.
You shoot a sling bullet. The sling bullet hits the endoplasm.
You kill the endoplasm!
No target in view!
No target in view!
No target in view!
An adder comes into view.
Found a stone staircase leading down.
The adder hisses angrily.
An adder is nearby!
An adder is nearby!
You shoot a sling bullet.
The sling bullet barely misses the adder.
You shoot a sling bullet.
The sling bullet closely misses the adder.
You shoot a sling bullet.
The sling bullet closely misses the adder.
The adder bites you.
You shoot a sling bullet. The sling bullet hits the adder.
The adder is moderately wounded.
The adder bites you.
You shoot a sling bullet. The sling bullet hits the adder.
The adder is severely wounded.
The adder closely misses you. The adder bites you.
You shoot a sling bullet.
The sling bullet hits the adder but does no damage.
The adder is heavily wounded.
The adder bites you.
You shoot a sling bullet. The sling bullet misses the adder.
The adder closely misses you. The adder bites you but does no damage.
You shoot a sling bullet. The sling bullet hits the adder.
The adder is almost dead.
The adder bites you.
You shoot a sling bullet. The sling bullet hits the adder.
You kill the adder!
No target in view!
No target in view!
No target in view!
No target in view!
No target in view!
No target in view!
No target in view!
No target in view!
No target in view!
No target in view!
No target in view!
There is a stone staircase leading down here.
A rat comes into view.
A rat is nearby!
A rat is nearby!
You shoot a sling bullet. The sling bullet hits the rat.
You kill the rat!
No target in view!
No target in view!
No target in view!
A dart slug comes into view.
A dart slug is nearby!
A dart slug is nearby!
You shoot a sling bullet. The sling bullet hits the dart slug.
The dart slug is heavily wounded.
The dart slug launches a dart at you. The slug dart hits you.
You shoot a sling bullet. The sling bullet hits the dart slug.
The dart slug is severely wounded.
You shoot a sling bullet.
The sling bullet hits the dart slug but does no damage.
The dart slug is severely wounded.
You shoot a sling bullet. The sling bullet hits the dart slug.
The dart slug is almost dead.
The dart slug launches a dart at you. The slug dart misses you.
You shoot a sling bullet. The sling bullet hits the dart slug.
You kill the dart slug!
No target in view!
No target in view!
No target in view!
You see here a +0 flail.
You now have 124 gold pieces (gained 13).
You open the door.
There is an open door here.
There is an open door here.
You see here a staff of conjuration.
You now have 138 gold pieces (gained 14).
You now have 150 gold pieces (gained 12).
Key pressed, stopping explore.
There is a stone staircase leading down here.
A ball python comes into view.
The ball python hisses angrily.
A ball python is nearby!
A ball python is nearby!
You shoot a sling bullet. The sling bullet hits the ball python.
You kill the ball python!
No target in view!
No target in view!
No target in view!
You see here a ball python corpse.
You open the door.
A hobgoblin comes into view.
There is an open door here.
A hobgoblin is nearby!
A hobgoblin is nearby!
You shoot a sling bullet. The sling bullet hits the hobgoblin.
You kill the hobgoblin!
No target in view!
No target in view!
No target in view!
No target in view!
No target in view!
No target in view!
Done exploring.
Done exploring.
Done exploring.
No target in view!
(D) Dungeon
Where to? (Enter - D:2, ? - help)
There is an open door here.
There is a stone staircase leading down here.
You climb downwards.
You hear the sound of rushing water.
There is an entrance to a sewer on this level.
Hurry and find it before the portal rusts away!
There is a stone staircase leading up here.
You now have 167 gold pieces (gained 17).
You hear the slow rusting of a very distant drain.
A water moccasin comes into view.
The water moccasin hisses angrily.
A water moccasin is nearby!
A water moccasin is nearby!
Casting: Slow (safe; 9% risk of failure)
Confirm with . or Enter, or press ? or * to list all spells.
Aiming: Slow (safe; 9% risk of failure)
Press: ? - help, Shift-Dir - straight line, f - water moccasin
Aim: a water moccasin (chance to affect: 41%)
You miscast Slow.
You are very lightly contaminated with residual magic.
Nothing appears to happen.
Casting: Slow (safe; 9% risk of failure)
Confirm with . or Enter, or press ? or * to list all spells.
Aiming: Slow (safe; 9% risk of failure)
Press: ? - help, Shift-Dir - straight line, f/p - water moccasin
Aim: a water moccasin (chance to affect: 41%)
The water moccasin seems to slow down.
Fire: a) +1 sling
Press: ? - help, Q - select action, (/) - cycle Shift-Dir - straight line, f/p - water moccasin
Aim: a water moccasin (slow, 40% to hit)
You shoot a sling bullet.
The sling bullet misses the water moccasin.
Fire: a) +1 sling
Press: ? - help, Q - select action, (/) - cycle Shift-Dir - straight line, f/p - water moccasin
Aim: a water moccasin (slow, 40% to hit)
You shoot a sling bullet.
The sling bullet closely misses the water moccasin.
The water moccasin bites you.
You are poisoned.
The water moccasin poisons you!
You aren't carrying any items that you can evoke.
Aiming: Spit Poison (1% risk of failure)
Press: ? - help, Shift-Dir - straight line, f/p - water moccasin
Aim: a water moccasin (slow, 37% to hit)
The splash of poison misses the water moccasin.
You feel very sick.
As you read the scroll labelled ZIEKLIAKEF, it crumbles to dust.
You hear a loud clanging noise!
It was a scroll of noise.
You feel very sick.
You hear a shout!
The water moccasin barely misses you.
As you read the scroll labelled UTOTIVEADA, it crumbles to dust.
You feel strangely unstable.
It was a scroll of teleportation.
You have got your breath back.
You feel sick. The water moccasin bites you.
You are lethally poisoned!
The water moccasin poisons you!
Your magical contamination has completely faded away.
It was a potion of curing.
You feel better. The water moccasin bites you.
Fire: a) +1 sling
Press: ? - help, Q - select action, (/) - cycle Shift-Dir - straight line, f/p - water moccasin
Aim: a water moccasin (slow, 40% to hit)
You shoot a sling bullet.
The sling bullet hits the water moccasin.
The water moccasin is lightly wounded.
The water moccasin barely misses you.
Fire: a) +1 sling
Press: ? - help, Q - select action, (/) - cycle Shift-Dir - straight line, f/p - water moccasin
Aim: a water moccasin (lightly wounded, slow, 40% to hit)
You shoot a sling bullet.
The sling bullet barely misses the water moccasin.
The water moccasin barely misses you.
Fire: a) +1 sling
Press: ? - help, Q - select action, (/) - cycle Shift-Dir - straight line, f/p - water moccasin
Aim: a water moccasin (lightly wounded, slow, 40% to hit)
You shoot a sling bullet.
The sling bullet misses the water moccasin.
Your surroundings suddenly seem different.
An orc and 2 orc wizards come into view.
Found 16 gold pieces.
The orc shouts!
The orc wizard shouts! x2; You hear a shout!
The orc wizard points at you and mumbles some strange words.
The puff of flame hits you!
* * * LOW HITPOINT WARNING * * *
The orc wizard points at you and mumbles some strange words.
The puff of flame misses you.
The air fills with toxic fumes!
As you read the scroll of poison, it crumbles to dust.
Fire: a) +1 sling
Press: ? - help, Q - select action, (/) - cycle Shift-Dir - straight line, f - orc wizard
Aim: an orc wizard, wielding a +0 dagger and wearing a +0 robe (51% to hit)
You shoot a sling bullet.
The sling bullet barely misses the orc wizard.
You hear a shout!
Fire: a) +1 sling
Press: ? - help, Q - select action, (/) - cycle Shift-Dir - straight line, f/p - orc wizard
Aim: an orc wizard, wielding a +0 dagger and wearing a +0 robe (51% to hit)
You shoot a sling bullet.
The sling bullet barely misses the orc wizard.
Fire: a) +1 sling
Press: ? - help, Q - select action, (/) - cycle Shift-Dir - straight line, f/p - orc wizard
Aim: an orc wizard, wielding a +0 dagger and wearing a +0 robe (51% to hit)
You shoot a sling bullet.
The sling bullet closely misses the orc wizard.
Fire: a) +1 sling
Press: ? - help, Q - select action, (/) - cycle Shift-Dir - straight line, f/p - orc wizard
Aim: an orc wizard, wielding a +0 dagger and wearing a +0 robe (51% to hit)
You shoot a sling bullet.
The sling bullet closely misses the orc wizard.
You hear a shout!
The orc wizard gestures wildly while chanting.
The orc wizard flickers and vanishes for a moment.
You hear an angry hiss.
Fire: a) +1 sling
Press: ? - help, Q - select action, (/) - cycle Shift-Dir - straight line, f/p - orc wizard
Aim: an orc wizard, wielding a +0 dagger and wearing a +0 robe (slightly transparent, 51% to hit)
You shoot a sling bullet.
The sling bullet hits the orc wizard but does no damage.
The orc wizard casts a spell at you.
You are confused.
The orc wizard points at you and mumbles some strange words.
The puff of flame hits you!
* * * LOW HITPOINT WARNING * * *
You are too confused!
Unknown command.
You feel better.
Fire: a) +1 sling
Press: ? - help, Q - select action, (/) - cycle Shift-Dir - straight line, f/p - orc wizard
Aim: an orc wizard, wielding a +0 dagger and wearing a +0 robe (slightly transparent, 51% to hit)
You shoot a sling bullet.
The sling bullet barely misses the orc wizard.
Aiming: Spit Poison (1% risk of failure)
Press: ? - help, Shift-Dir - straight line, f/p - orc wizard
Aim: an orc wizard, wielding a +0 dagger and wearing a +0 robe (slightly transparent, 50% to hit)
The splash of poison hits the orc wizard.
The orc wizard is lightly wounded.
Fire: a) +1 sling
Press: ? - help, Q - select action, (/) - cycle Shift-Dir - straight line, f/p - orc wizard
Aim: an orc wizard, wielding a +0 dagger and wearing a +0 robe (lightly wounded, slightly transparent, 51% to hit)
You shoot a sling bullet. The sling bullet hits the orc wizard.
The orc wizard is moderately wounded.
You hear a shout! x2
Fire: a) +1 sling
Press: ? - help, Q - select action, (/) - cycle Shift-Dir - straight line, f/p - orc wizard
Aim: an orc wizard, wielding a +0 dagger and wearing a +0 robe (moderately wounded, slightly transparent, 51% to hit)
You shoot a sling bullet. The sling bullet hits the orc wizard!
The orc wizard is almost dead.
You hear an angry hiss.
Fire: a) +1 sling
Press: ? - help, Q - select action, (/) - cycle Shift-Dir - straight line, f/p - orc wizard
Aim: an orc wizard, wielding a +0 dagger and wearing a +0 robe (almost dead, slightly transparent, 51% to hit)
You shoot a sling bullet. The sling bullet hits the orc wizard.
You kill the orc wizard!
You have reached level 5!
Fire: a) +1 sling
Press: ? - help, Q - select action, (/) - cycle Shift-Dir - straight line, f - orc
Aim: an orc, wielding a +0 club and wearing a +0 ring mail (63% to hit)
You shoot a sling bullet.
The sling bullet closely misses the orc.
The orc wizard casts a spell.
The orc wizard flickers and vanishes for a moment.
Fire: a) +1 sling
Press: ? - help, Q - select action, (/) - cycle Shift-Dir - straight line, f/p - orc
Aim: an orc, wielding a +0 club and wearing a +0 ring mail (63% to hit)
You shoot a sling bullet. The sling bullet hits the orc.
The orc is moderately wounded.
You have got your breath back.
An orc comes into view.
It is wielding a +1 flail of holy wrath.
A ball python comes into view.
Fire: a) +1 sling
Press: ? - help, Q - select action, (/) - cycle Shift-Dir - straight line, f/p - orc
Aim: an orc, wielding a +0 club and wearing a +0 ring mail (moderately wounded, 63% to hit)
You shoot a sling bullet.
The sling bullet closely misses the orc.
The sling bullet hits the ball python.
The ball python is heavily wounded.
The orc hits you with a +0 club.
* * * LOW HITPOINT WARNING * * *
An orc comes into view. It is wielding a +0 flail.
Unknown command.
Fire: a) +1 sling
Press: ? - help, Q - select action, (/) - cycle Shift-Dir - straight line, f/p - orc
Aim: an orc, wielding a +0 club and wearing a +0 ring mail (moderately wounded, 63% to hit)
You shoot a sling bullet. The sling bullet hits the orc.
The orc is almost dead.
The orc hits you with a +0 club.
* * * LOW HITPOINT WARNING * * *
The air fills with toxic fumes!
As you read the scroll of poison, it crumbles to dust.
The orc barely misses you. The orc attacks as you move away!
The orc closely misses you.
Fire: a) +1 sling
Press: ? - help, Q - select action, (/) - cycle Shift-Dir - straight line, f/p - orc
Aim: an orc, wielding a +0 club and wearing a +0 ring mail (almost dead, 63% to hit)
You shoot a sling bullet.
The sling bullet hits the orc but does no damage.
The orc is almost dead.
Fire: a) +1 sling
Press: ? - help, Q - select action, (/) - cycle Shift-Dir - straight line, f/p - orc
Aim: an orc, wielding a +0 club and wearing a +0 ring mail (almost dead, 63% to hit)
You shoot a sling bullet.
The sling bullet completely misses the orc.
The sling bullet barely misses the orc wizard.
You hear the slow rusting of a very distant drain.
Fire: a) +1 sling
Press: ? - help, Q - select action, (/) - cycle Shift-Dir - straight line, f/p - orc
Aim: an orc, wielding a +0 club and wearing a +0 ring mail (almost dead, 63% to hit)
You shoot a sling bullet.
The sling bullet hits the orc but does no damage.
The orc is almost dead.
Fire: a) +1 sling
Press: ? - help, Q - select action, (/) - cycle Shift-Dir - straight line, f/p - orc
Aim: an orc, wielding a +0 club and wearing a +0 ring mail (almost dead, 63% to hit)
You shoot a sling bullet. The sling bullet hits the orc.
You kill the orc!
Fire: a) +1 sling
Press: ? - help, Q - select action, (/) - cycle Shift-Dir - straight line, f - orc wizard
Aim: an orc wizard, wielding a +0 dagger and wearing a +0 robe (slightly transparent, 51% to hit)
You shoot a sling bullet.
The sling bullet hits the orc wizard but does no damage.
The orc wizard points at you and mumbles some strange words.
The magic dart hits you.
* * * LOW HITPOINT WARNING * * *
Aiming: Spit Poison (1% risk of failure)
Press: ? - help, Shift-Dir - straight line, f/p - orc wizard
Aim: an orc wizard, wielding a +0 dagger and wearing a +0 robe (slightly transparent, 50% to hit)
The splash of poison hits the orc wizard.
The orc wizard is lightly wounded.
Fire: a) +1 sling
Press: ? - help, Q - select action, (/) - cycle Shift-Dir - straight line, f/p - orc wizard
Aim: an orc wizard, wielding a +0 dagger and wearing a +0 robe (lightly wounded, slightly transparent, 51% to hit)
You shoot a sling bullet. The sling bullet hits the orc wizard.
The orc wizard is moderately wounded.
Fire: a) +1 sling
Press: ? - help, Q - select action, (/) - cycle Shift-Dir - straight line, f/p - orc wizard
Aim: an orc wizard, wielding a +0 dagger and wearing a +0 robe (moderately wounded, slightly transparent, 51% to hit)
You shoot a sling bullet.
The sling bullet barely misses the orc wizard.
The sling bullet hits the orc.
The orc is heavily wounded.
You have got your breath back.
Fire: a) +1 sling
Press: ? - help, Q - select action, (/) - cycle Shift-Dir - straight line, f/p - orc wizard
Aim: an orc wizard, wielding a +0 dagger and wearing a +0 robe (moderately wounded, slightly transparent, 51% to hit)
You shoot a sling bullet. The sling bullet hits the ball python.
You kill the ball python!
Fire: a) +1 sling
Press: ? - help, Q - select action, (/) - cycle Shift-Dir - straight line, f/p - orc wizard
Aim: an orc wizard, wielding a +0 dagger and wearing a +0 robe (moderately wounded, slightly transparent, 51% to hit)
You shoot a sling bullet. The sling bullet hits the orc wizard!
The orc wizard is severely wounded.
The orc wizard hits you with a +0 dagger.
* * * LOW HITPOINT WARNING * * *
Fire: a) +1 sling
Press: ? - help, Q - select action, (/) - cycle Shift-Dir - straight line, f/p - orc wizard
Aim: an orc wizard, wielding a +0 dagger and wearing a +0 robe (severely wounded, slightly transparent, 51% to hit)
You shoot a sling bullet.
The sling bullet barely misses the orc wizard.
The sling bullet hits the orc.
You kill the orc!
The orc wizard points at you and mumbles some strange words.
The puff of flame hits you!
* * * LOW HITPOINT WARNING * * *
Aiming: Spit Poison (1% risk of failure)
Press: ? - help, Shift-Dir - straight line, f/p - orc wizard
Aim: an orc wizard, wielding a +0 dagger and wearing a +0 robe (severely wounded, slightly transparent, 50% to hit)
The splash of poison hits the orc wizard.
The orc wizard is poisoned.
You kill the orc wizard!
You aren't carrying any items that you can evoke.
It was a potion of lignification.
You turn into a tree.
Your +0 robe melds into your body.
Your roots penetrate the ground.
The orc hits you but does no damage.
Fire: a) +1 sling
Press: ? - help, Q - select action, (/) - cycle Shift-Dir - straight line, f - orc
Aim: an orc, wielding a +0 flail (59% to hit)
You shoot a sling bullet.
The sling bullet completely misses the orc.
You have got your breath back.
The orc hits you with a +0 flail.
* * * LOW HITPOINT WARNING * * *
The orc barely misses you.
Fire: a) +1 sling
Press: ? - help, Q - select action, (/) - cycle Shift-Dir - straight line, f/p - orc
Aim: an orc, wielding a +0 flail (59% to hit)
You shoot a sling bullet. The sling bullet hits the orc.
The orc is severely wounded.
The orc hits you but does no damage.
Fire: a) +1 sling
Press: ? - help, Q - select action, (/) - cycle Shift-Dir - straight line, f/p - orc
Aim: an orc, wielding a +0 flail (severely wounded, 59% to hit)
You shoot a sling bullet. The sling bullet barely misses the orc.
The orc hits you but does no damage.
Okay, then.
You are now empty-handed.
You smack the orc!
You kill the orc!
Your transformation is almost over.
You feel less wooden.
Your +0 robe unmelds from your body.
You hear the slow rusting of a very distant drain.
You hear the slow rusting of a very distant drain.
A bat comes into view.
The bat moves out of view.
You hear the slow rusting of a very distant drain.
HP restored.
Items here: )) [ ††.
You see here a +1 flail of holy wrath.
You now have 183 gold pieces (gained 16).
A bat is nearby!
a - a +1 sling (weapon)
A bat is nearby!
You shoot a sling bullet. The sling bullet barely misses the bat.
You shoot a sling bullet. The sling bullet hits the bat.
The bat is heavily wounded.
The bat closely misses you.
You shoot a sling bullet. The sling bullet misses the bat.
The bat hits you.
You shoot a sling bullet. The sling bullet hits the bat.
You kill the bat!
Your Ranged Weapons skill increases to level 5!
No target in view!
Key pressed, stopping explore.
An iguana comes into view.
An iguana is nearby!
An iguana is nearby!
You shoot a sling bullet. The sling bullet hits the iguana.
The iguana hisses angrily.
The iguana is lightly wounded.
You shoot a sling bullet. The sling bullet hits the iguana!
The iguana is severely wounded.
You shoot a sling bullet.
The sling bullet hits the iguana but does no damage.
The iguana is severely wounded.
You hear the rusting of a very distant drain.
You shoot a sling bullet. The sling bullet hits the iguana.
You kill the iguana!
Found a stone staircase leading down.
There is a stone staircase leading down here.
k - 2 scrolls labelled IPEF HU RECLO (gained 1)
Found a whip.
You hear the rusting of a very distant drain.
Found a scale mail.
Found a snail-covered altar of Cheibriados.
A bat comes into view.
A bat is nearby!
You shoot a sling bullet. The sling bullet hits the bat.
The bat is heavily wounded.
You shoot a sling bullet. The water moccasin hisses angrily.
The sling bullet hits the bat.
You kill the bat!
You shoot a sling bullet.
The sling bullet hits the water moccasin.
The water moccasin is lightly wounded.
You aren't carrying any items that you can evoke.
Aiming: Spit Poison (1% risk of failure)
Press: ? - help, Shift-Dir - straight line, f/p - water moccasin
Aim: a water moccasin (lightly wounded, 37% to hit)
The splash of poison hits the water moccasin.
The water moccasin is lightly wounded.
As you read the scroll labelled YTIEDE EW ZIT, it crumbles to dust.
It is a scroll of amnesia.
Really abort (and waste the scroll)? [Y]es or [N]o only, please.
Really abort (and waste the scroll)?
Okay, then.
You hear the brisk rusting of a very distant drain.
It was a potion of flight.
You feel very buoyant.
You fly up into the air.
You have got your breath back.
The water moccasin bites you.
It was a potion of attraction.
You feel attractive to monsters. The water moccasin barely misses you.
It was a potion of magic.
Magic courses through your body. The water moccasin bites you.
The water moccasin barely misses you.
Fire: a) +1 sling
Press: ? - help, Q - select action, (/) - cycle Shift-Dir - straight line, f/p - water moccasin
Aim: a water moccasin (lightly wounded, 40% to hit)
You shoot a sling bullet.
The sling bullet barely misses the water moccasin.
The water moccasin bites you.
The water moccasin bites you but does no damage.
Casting: Slow (safe; 9% risk of failure)
Confirm with . or Enter, or press ? or * to list all spells.
Aiming: Slow (safe; 9% risk of failure)
Press: ? - help, Shift-Dir - straight line, f/p - water moccasin
Aim: a water moccasin (lightly wounded, chance to affect: 41%)
The water moccasin resists with some effort.
The water moccasin barely misses you.
Casting: Slow (safe; 9% risk of failure)
Confirm with . or Enter, or press ? or * to list all spells.
Aiming: Slow (safe; 9% risk of failure)
Press: ? - help, Shift-Dir - straight line, f/p - water moccasin
Aim: a water moccasin (lightly wounded, chance to affect: 41%)
The water moccasin resists with some effort.
The water moccasin bites you!
Casting: Slow (safe; 9% risk of failure)
Confirm with . or Enter, or press ? or * to list all spells.
Aiming: Slow (safe; 9% risk of failure)
Press: ? - help, Shift-Dir - straight line, f/p - water moccasin
Aim: a water moccasin (lightly wounded, chance to affect: 41%)
You miscast Slow.
You are very lightly contaminated with residual magic.
Nothing appears to happen.
The water moccasin misses you.
The water moccasin completely misses you.
Casting: Slow (safe; 9% risk of failure)
Confirm with . or Enter, or press ? or * to list all spells.
Aiming: Slow (safe; 9% risk of failure)
Press: ? - help, Shift-Dir - straight line, f/p - water moccasin
Aim: a water moccasin (lightly wounded, chance to affect: 41%)
The water moccasin resists with some effort.
The water moccasin bites you.
Casting: Slow (safe; 9% risk of failure)
Confirm with . or Enter, or press ? or * to list all spells.
Aiming: Slow (safe; 9% risk of failure)
Press: ? - help, Shift-Dir - straight line, f/p - water moccasin
Aim: a water moccasin (lightly wounded, chance to affect: 41%)
The water moccasin resists with some effort.
The water moccasin bites you!
* * * LOW HITPOINT WARNING * * *
You are poisoned.
The water moccasin poisons you! The water moccasin barely misses you.
You feel better. The water moccasin bites you. The water moccasin bites you!
* * * LOW HITPOINT WARNING * * *
The water moccasin bites you but does no damage.
The water moccasin bites you but does no damage.
The water moccasin bites you!
* * * LOW HITPOINT WARNING * * *
You see here a scroll of teleportation.
As you read the scroll of teleportation, it crumbles to dust.
You feel strangely unstable. The water moccasin barely misses you.
Your magical contamination has completely faded away.
Fire: a) +1 sling
Press: ? - help, Q - select action, (/) - cycle Shift-Dir - straight line, f/p - water moccasin
Aim: a water moccasin (lightly wounded, 40% to hit)
You shoot a sling bullet.
The sling bullet closely misses the water moccasin.
The water moccasin misses you. The water moccasin barely misses you.
Fire: a) +1 sling
Press: ? - help, Q - select action, (/) - cycle Shift-Dir - straight line, f/p - water moccasin
Aim: a water moccasin (lightly wounded, 40% to hit)
You shoot a sling bullet.
The sling bullet misses the water moccasin.
The water moccasin bites you!
* * * LOW HITPOINT WARNING * * *
Fire: a) +1 sling
Press: ? - help, Q - select action, (/) - cycle Shift-Dir - straight line, f/p - water moccasin
Aim: a water moccasin (lightly wounded, 40% to hit)
You shoot a sling bullet.
The sling bullet misses the water moccasin.
The water moccasin bites you.
You die...

#.# ## ###### #.#.#..
.[...# #.#.#.#
..##.#####.#.#.#
...........#.#.### #
.#######...#.#...#.# .#
### #.#.#.#...#.#####
.#######.#.#............
...+_+.........S@.......
.###+###..####.#.#......
.# #..# #.#......## .#
#..# #.#......'. .. ...#
#.#......## ## ....
#.#........ #####
......... . ....#.....


You could see a water moccasin.

Vanquished Creatures
  2 orc wizards (D:3)
  An iguana (D:3)
  3 adders (D:2)
  A gnoll (D:2)
  A dart slug (D:2)
  6 orcs
  6 ball pythons
  9 endoplasms
  2 giant cockroaches (D:1)
  7 goblins (D:1)
  7 hobgoblins
  2 kobolds
  2 quokkas (D:2)
  6 bats
  5 rats
60 creatures vanquished.

Notes
Turn   | Place    | Note
-------+----------+-------------------------------------------
     0 | D:1      | sleeves the Naga Hexslinger began the quest for the Orb.
     0 | D:1      | Reached XP level 1. HP: 18/18 MP: 2/2
    40 | D:1      | Found a faded altar of an unknown god.
    44 | D:1      | Reached skill level 2 in Ranged Weapons
    75 | D:1      | Reached XP level 2. HP: 25/25 MP: 3/3
   410 | D:1      | Reached skill level 3 in Ranged Weapons
   526 | D:1      | Reached XP level 3. HP: 30/31 MP: 4/4
  1167 | D:2      | Reached XP level 4. HP: 38/38 MP: 5/5
  1281 | D:2      | HP: 15/38 [gnoll/+0 whip (6)]
  1284 | D:2      | HP: 5/38 [gnoll/+0 whip (5)]
  1286 | D:2      | Reached skill level 4 in Ranged Weapons
  2062 | D:3      | Noticed a water moccasin
  2073 | D:3      | HP: 18/38 [orc wizard/puff of flame (8)]
  2079 | D:3      | HP: 10/38 [orc wizard/puff of flame (9)]
  2086 | D:3      | Reached XP level 5. HP: 24/44 MP: 6/6
  2088 | D:3      | HP: 22/44 [orc/+0 club (2)]
  2097 | D:3      | HP: 16/44 [orc wizard/magic dart (5)]
  2102 | D:3      | HP: 15/44 [orc wizard/+0 dagger (3)]
  2103 | D:3      | HP: 6/44 [orc wizard/puff of flame (9)]
  2280 | D:3      | Reached skill level 5 in Ranged Weapons
  2340 | D:3      | Found a snail-covered altar of Cheibriados.
  2372 | D:3      | HP: 19/44 [water moccasin (7)]
  2378 | D:3      | HP: 5/44 [water moccasin (8)]
  2379 | D:3      | Slain by a water moccasin

Illustrated notes

Levels and vault maps discovered:
D:1:      nzn_arrival_crosshair, layout_basic, ebering_ecumenical_altar_box
D:2:      layout_basic, chequers_serial_rivers_marsh, minmay_puff
D:3:      layout_basic, lemuel_doored_altar, portal_sewer_entry_e,
          uniq_crazy_yiuf_cottage

Skill      XL: |  1  2  3  4  5 |
---------------+----------------+-----
Ranged Weapons | 2 3 4 5 |  5.2
Fighting       | |  1.0
Dodging        | |  1.5
Spellcasting   | |  1.0
Hexes          | |  3.0

Action                   |  1- 3 |  4- 6 || total
-------------------------+-------+-------++-------
Melee: Unarmed           |       |     1 ||     1
 Fire: Sling             |   105 |    92 ||   197
 Cast: Slow              |     1 |    10 ||    11
 Abil: Spit Poison       |     1 |     7 ||     8
  Use: Scroll            |       |     6 ||     6
       Potion            |       |     7 ||     7
Armor: Robe              |    12 |     8 ||    20
       Skin              |       |     3 ||     3
Dodge: Dodged            |    24 |    27 ||    51

Table legend: (Time is in decaauts)
 A = Elapsed time spent in this place.
 B = Non-inter-level travel time spent in this place.
 C = Inter-level travel time spent in this place.
 D = Time resting spent in this place.
 E = Time spent auto-exploring this place.
 F = Levels seen in this place.
 G = Mean time per level.
                   A        B        C        D        E       F      G
               +--------+--------+--------+--------+--------+-----+--------+
         Total |   3074 |   3011 |     63 |      0 |   2530 |   3 | 1024.7 |
       Dungeon |   3074 |   3011 |     63 |      0 |   2530 |   3 | 1024.7 |
               +--------+--------+--------+--------+--------+-----+--------+

Top non-repeatable levels by time:
     D:2: 1549 daAuts
     D:1: 1103 daAuts
     D:3: 422 daAuts
